 Dungeon Crawl Stone Soup version 0.29.0-13-gc9e81de378 (webtiles) character file.

Game seed: 4633775631836623895

8908 mora the Covert (level 11, -4/74 HPs)
             Began as an Octopode Conjurer on Sept 9, 2022.
             Was an Initiate of Gozag.
             Slain by an unseen horror (9 damage)
             ... on level 11 of the Dungeon.
             The game lasted 00:45:08 (21592 turns).

mora the Covert (Octopode Conjurer)                Turns: 21592, Time: 00:45:08

Health: -4/74      AC:  1    Str:  9    XL:     11   Next: 38%
Magic:  10/21      EV: 14    Int: 23    God:    Gozag
Gold:   514        SH:  8    Dex: 10    Spells: 12/23 levels left

rFire   + . .      SeeInvis .   g - +1 dagger (elec)
rCold   . . .      Faith    .   s - +3 buckler
rNeg    . . .      Spirit   .   (helmet restricted)
rPois   +          Reflect  .   b - amulet of Qeitofaathu {Regen+ Slay+3}
rElec   .          Harm     .   e - ring of poison resistance
rCorr   .          Rampage  .   z - ring of protection from fire
Will    .....                   (no ring)
Stlth   +++++.....              (no ring)
HPRegen 1.02/turn               (no ring)
MPRegen 0.17/turn               (no ring)
                                (no ring)
                                (no ring)

@: no status effects
A: almost no armour, amphibious, 8 rings, camouflage 1, gelatinous body 1,
(nimble swimmer 1), tentacles
a: Renounce Religion, Potion Petition, Call Merchant, Bribe Branch


You were on level 11 of the Dungeon.
You worshipped Gozag.
Gozag was pleased with you.
You visited 2 branches of the dungeon, and saw 12 of its levels.
You also visited: Ossuary.

You collected 1738 gold pieces.
You spent 592 gold pieces at shops.
You paid 632 gold pieces to Gozag.

Inventory:

Hand Weapons
 a - the +8 sling "Irphyjal" {speed, rC+ Dex+4}
   (You found it on level 8 of the Dungeon)

   Attacks with this weapon are significantly faster.
   Dex:       It affects your dexterity (+4).
   rC:        It protects you from cold.
 g - a +1 dagger of electrocution (weapon)
 q - a +2 vampiric spear
 v - a +3 long sword of freezing
 w - a +2 dagger of venom
Missiles
 x - a throwing net
Armour
 s - a +3 buckler (worn)
Jewellery
 b - the amulet of Qeitofaathu (around mantle) {Regen+ Slay+3}
   (You found it on level 6 of the Dungeon)

   [amulet of regeneration]

   Slay:      It affects your accuracy & damage with ranged weapons and melee
   (+3).
   Regen:     It increases your rate of health regeneration.
 e - a ring of poison resistance (left tentacle)
 l - an amulet of guardian spirit
 z - a ring of protection from fire (right tentacle)
Wands
 A - a wand of acid (4)
 D - a wand of mindburst (4)
 F - a wand of flame (21)
 G - a wand of digging (7)
 I - a wand of iceblast (3)
 P - a wand of paralysis (5)
Scrolls
 d - 3 scrolls of fog
 i - 2 scrolls of identify
 t - 3 scrolls of teleportation
 y - a scroll of enchant weapon
Potions
 c - 9 potions of curing
 f - 4 potions of magic
 h - 6 potions of heal wounds
 j - 8 potions of attraction
 k - a potion of berserk rage {unknown}
 m - 4 potions of lignification
 n - a potion of brilliance {unknown}
 o - 4 potions of might {unknown}
 p - a potion of cancellation {unknown}
 r - 2 potions of resistance
 u - 3 potions of flight {unknown}
 B - a potion of mutation {unknown}
 C - 4 potions of haste


   Skills:
 + Level 6.9 Fighting
 + Level 2.9 Ranged Weapons
 + Level 7.3 Dodging
 + Level 10.3 Stealth
 + Level 5.5 Shields
 + Level 6.7 Spellcasting
 + Level 8.2 Conjurations
 + Level 3.9 Evocations


You had 12 spell levels left.
You knew the following spells:

 Your Spells              Type           Power      Damage    Failure   Level
a - Magic Dart            Conj           100%       1d8       1%          1
b - Searing Ray           Conj           90%        2d7       1%          2
c - Fulminant Prism       Conj/Hex       13%        3d9       19%         4
d - Iskenderun's Mystic   Conj/Tloc      26%        2d7       19%         4

Your spell library contained the following spells:

 Spells                   Type           Power      Damage    Failure   Level
 Dazzling Flash           Conj/Hex       52%        N/A       5%          3
 Mephitic Cloud           Conj/Pois/Air  20%        N/A       10%         3
 Call Imp                 Summ           7%         N/A       16%         2
 Ensorcelled Hibernation  Hex/Ice        14%        N/A       16%         2
 Passwall                 Tmut/Erth      5%         N/A       16%         2
 Gell's Gravitas          Tloc           7%         N/A       30%         3
 Swiftness                Air            7%         N/A       30%         3
 Teleport Other           Tloc           7%         N/A       30%         3
 Dispersal                Tloc           3%         N/A       100%        6


Dungeon Overview and Level Annotations

Branches:
Dungeon (11/15)            Temple (1/1) D:4         Ossuary (visited)
   Lair: D:8-11         Orc: D:9-12

Altars:
Ashenzari
Cheibriados
Dithmenos
Elyvilon
Fedhas
Gozag
Hepliaklqana
Kikubaaqudgha
Makhleb
Okawaru
Qazlal
Ru
Trog
Uskayaw
Vehumet
Wu Jian
Xom
Yredelemnul
Zin
The Shining One

Shops:
D:3 [   D:4 (!   D:9 *   D:10 [([*

Annotations:
D:9 exclusions: bullfrog, gargoyle, steam dragon and two-headed ogre
D:10 exclusion: upstairs
D:11 exclusion: boulder beetle


Innate Abilities, Weirdness & Mutations

You cannot wear most types of armour.
You are amphibious.
You can wear up to eight rings at the same time.
Your skin changes colour to match your surroundings (Stealth+).
Your rubbery body absorbs attacks. (AC +1, EV +1)
((You are camouflaged when in or above water. (Stealth+)))
You have tentacles for arms and can constrict up to eight enemies at once.


Message History

You block something's attack. x2
Your fulminant prism crackles loudly.
Something hits you!
Your fulminant prism explodes!
The blast of energy engulfs something!
Casting: Fulminant Prism (dangerous; 19% risk of failure)
Confirm with . or Enter, or press ? or * to list all spells.
Aiming: Fulminant Prism (dangerous; 19% risk of failure)
Press: ? - help, Dir - move target You conjure a prism of explosive energy!
A fulminant prism comes into view.
Something hits you. Something hits you!
Your fulminant prism crackles loudly.
Something hits you!
Your fulminant prism explodes!
The blast of energy engulfs something!
You hear a bellow! x3
Casting: Fulminant Prism (dangerous; 19% risk of failure)
Confirm with . or Enter, or press ? or * to list all spells.
Aiming: Fulminant Prism (dangerous; 19% risk of failure)
Press: ? - help, Dir - move target You conjure a prism of explosive energy!
A fulminant prism comes into view.
Something hits you! You block something's attack.
Something completely misses you.
Your fulminant prism crackles loudly.
Something hits you.
* * * LOW HITPOINT WARNING * * *
Your fulminant prism explodes!
You hear a bellow! x2
Something hits you.
* * * LOW HITPOINT WARNING * * *
Something hits you!
* * * LOW HITPOINT WARNING * * *
Aiming: Corrosive Bolt
Press: ? - help, Shift-Dir - straight line Something hits you!
You die...
Your body crumbles into a pile of gold.

##....>....# ###....###
#.....###.###....#....
##.....#.......####..#
#............## #..# .
#.....####..## #..# #.#
#....## ##.# #..#
#...##....######.# #..#
.........<{......### ##...
..###....@###......###....
#.....#####..#........
##......# #..###...#..
#.......####.####....##
#........##..###......#
...............##.....#.!
...............#$....###.
....................####.
.#.....######......###...


There were no monsters in sight!

Vanquished Creatures
  2 boulder beetles (D:11)
  Pikel (D:5)
  A cyclops (D:10)
  A komodo dragon (D:11)
  A troll (D:9)
  A hornet (D:9)
  Grinder (D:4)
  A wyvern (D:10)
  A shadow (D:9)
  5 yaks (D:9)
  Eustachio (D:4)
  Grum (D:8)
  2 acid dragons
  3 water moccasins
  3 orc warriors
  A sky beast (D:8)
  A black bear (D:7)
  3 centaurs
  3 wolves (D:8)
  A phantom (D:7)
  A lemure (D:5)
  3 bullfrogs
  2 kobold brigands
  2 scorpions
  12 wights
  15 killer bees
  A howler monkey (D:8)
  5 hounds
  11 orc priests
  A gnoll bouda (D:10)
  6 jellies
  Jessica (D:2)
  2 iguanas
  9 orc wizards
  2 mummies
  7 gnolls
  7 adders
  A shadow imp (D:5)
  4 white imps
  4 ufetubi
  4 dart slugs
  17 orcs
  3 spectral bats (Ossuary)
  6 ball pythons
  14 endoplasms
  4 giant cockroaches
  6 goblins
  7 hobgoblins
  2 jackals (D:1)
  19 kobolds
  3 quokkas
  8 bats
  3 bat simulacra (Ossuary)
  6 frilled lizards
  12 gnoll zombies (Ossuary)
  6 goblin simulacra (Ossuary)
  6 hobgoblin zombies (Ossuary)
  2 kobold simulacra (Ossuary)
  7 kobold zombies (Ossuary)
  5 orc zombies (Ossuary)
  7 rats
  2 rat simulacra (Ossuary)
  4 spectral goblins (Ossuary)
  5 spectral kobolds (Ossuary)
  A spectral rat (Ossuary)
289 creatures vanquished.

Vanquished Creatures (others)
  A quokka (D:9)
  8 fulminant prisms
  7 fungi (D:2)
  12 plants (D:7)
  9 toadstools (D:2)
  7 withered plants (D:7)
44 creatures vanquished.

Grand Total: 333 creatures vanquished

Notes
Turn   | Place    | Note
-------+----------+-------------------------------------------
     0 | D:1      | mora the Octopode Conjurer began the quest for the Orb.
     0 | D:1      | Reached XP level 1. HP: 11/11 MP: 3/3
   360 | D:1      | Reached skill level 3 in Stealth
   360 | D:1      | Reached XP level 2. HP: 17/17 MP: 1/5
  1055 | D:1      | Reached XP level 3. HP: 22/22 MP: 3/6
  1732 | D:2      | Learned a level 2 spell: Searing Ray
  1822 | D:2      | Found a faded altar of an unknown god.
  1911 | D:2      | Noticed Jessica
  1916 | D:2      | Killed Jessica
  1917 | D:2      | Reached skill level 1 in Fighting
  1917 | D:2      | Reached XP level 4. HP: 28/28 MP: 1/7
  2799 | D:2      | Reached skill level 4 in Stealth
  2799 | D:2      | Reached XP level 5. HP: 33/33 MP: 4/9
  3558 | D:3      | Found Leuf's Armour Emporium.
  4437 | D:4      | Reached XP level 6. HP: 39/39 MP: 8/10
  4518 | D:4      | Found a sand-covered staircase.
  4573 | Ossuary  | Entered an ossuary
  7021 | D:4      | Noticed Eustachio
  7065 | D:4      | Noticed Grinder
  7090 | D:4      | Reached skill level 5 in Stealth
  7090 | D:4      | Reached skill level 5 in Conjurations
  7257 | D:4      | Found a shadowy altar of Dithmenos.
  7454 | D:4      | Found Dinom's Weapon Shoppe.
  7468 | D:4      | Found a staircase to the Ecumenical Temple.
  7507 | Temple   | Entered the Ecumenical Temple
  7615 | Temple   | Became a worshipper of Gozag Ym Sagoz the Greedy
  7662 | D:4      | Killed Eustachio
  7663 | D:4      | Reached XP level 7. HP: 44/46 MP: 3/12
  7791 | D:4      | Found a glowing silver altar of Zin.
  7864 | D:4      | Found Rafuf's Distillery.
  7872 | D:4      | Bought a potion of curing for 42 gold pieces
  7872 | D:4      | Bought a potion of curing for 42 gold pieces
  7872 | D:4      | Bought a potion of haste for 140 gold pieces
  8204 | D:5      | Entered Level 5 of the Dungeon
  9204 | D:5      | Reached skill level 6 in Stealth
  9250 | D:5      | Reached XP level 8. HP: 52/52 MP: 11/14
  9359 | D:5      | Reached skill level 1 in Shields
  9591 | D:5      | Found a hazy altar of Hepliaklqana.
 10186 | D:4      | Killed Grinder
 10426 | D:6      | Identified the amulet of Qeitofaathu {Regen+ Slay+3}
 10974 | D:6      | Found a glowing golden altar of the Shining One.
 11076 | D:6      | Reached skill level 5 in Dodging
 11168 | D:6      | Reached skill level 7 in Stealth
 11242 | D:6      | Found a snail-covered altar of Cheibriados.
 11672 | D:7      | Found an ancient bone altar of Kikubaaqudgha.
 11672 | D:7      | Found a blossoming altar of Fedhas.
 11696 | D:7      | Reached XP level 9. HP: 59/59 MP: 6/16
 12269 | D:6      | Reached skill level 5 in Spellcasting
 12982 | D:7      | Found an ancient bone altar of Kikubaaqudgha.
 14144 | D:5      | Found a hazy altar of Hepliaklqana.
 14500 | D:5      | Noticed Pikel
 14513 | D:5      | Killed Pikel
 14514 | D:5      | Reached skill level 5 in Fighting
 14514 | D:5      | Reached skill level 8 in Stealth
 15004 | D:8      | Reached XP level 10. HP: 46/65 MP: 10/18
 15065 | D:8      | Learned a level 4 spell: Fulminant Prism
 15070 | D:8      | Learned a level 4 spell: Iskenderun's Mystic Blast
 15352 | D:8      | Noticed Grum
 15423 | D:8      | Killed Grum
 15424 | D:8      | Reached skill level 9 in Stealth
 15424 | D:8      | Reached skill level 1 in Evocations
 15916 | D:8      | Identified the +8 sling "Irphyjal" {speed, rC+ Dex+4}
 16888 | D:9      | Noticed a two-headed ogre
 17082 | D:9      | Bought a clear potion for 26 gold pieces
 17082 | D:9      | Bought a white potion for 26 gold pieces
 17082 | D:9      | Bought a scroll of enchant armour for 217 gold pieces
 17724 | D:9      | Reached skill level 1 in Ranged Weapons
 18019 | D:9      | Found a white marble altar of Elyvilon.
 18318 | D:9      | Found a radiant altar of Vehumet.
 18377 | D:9      | Found a bloodstained altar of Trog.
 18426 | D:9      | Noticed a gargoyle
 18596 | D:10     | Entered Level 10 of the Dungeon
 18596 | D:10     | Found Huzach's Assorted Antiques.
 18902 | D:9      | Found a shimmering altar of Xom.
 18951 | D:9      | Paralysed by a hornet for 1 turns
 18963 | D:9      | Reached skill level 5 in Shields
 19095 | D:10     | Found Yfei's Antique Armour Shoppe.
 19486 | D:10     | Bought a scroll labelled LEVAYLO JEBB for 33 gold pieces
 19486 | D:10     | Bought a scroll of identify for 66 gold pieces
 19498 | D:10     | Found Tisarivy's Weapon Boutique.
 19517 | D:10     | Found Uroremm's Antique Armour Shoppe.
 19565 | D:10     | Identified the +7 hand axe "Spiderbane" {vorpal, Contam
                  | Will+ Dex+4}
 19687 | D:9      | Reached XP level 11. HP: 67/74 MP: 12/20
 20327 | D:10     | Reached skill level 10 in Stealth
 20465 | D:10     | Noticed a cyclops
 20471 | D:10     | Killed a cyclops
 20742 | D:9      | Noticed a boulder beetle
 21257 | D:11     | Noticed a boulder beetle
 21305 | D:11     | Noticed a boulder beetle
 21312 | D:11     | Killed a boulder beetle
 21357 | D:11     | Killed a boulder beetle
 21592 | D:11     | Slain by an unseen horror

Illustrated notes

Levels and vault maps discovered:
D:1:      nzn_arrival_water_spiral, layout_loops_corners
D:2:      cheibrodos_fertilizer, layout_basic, shapermc_ecumenical_altar_ellora,
          uniq_jessica
D:3:      minmay_chambers_of_threes, layout_basic, serial_shops,
          nicolae_shop_hallway_plus
D:4:      layout_cave_pools, kennysheep_mini_moat, mainiacjoe_overflow_chevrons,
          minmay_temple_entry_proselytizer, serial_shops, shop,
          kennysheep_little_box, gup_ossuary_entry_pyramid,
          minmay_misc_feat_doors, chequers_serial_rivers_micro_a,
          minmay_misc_feat_diagonals, minmay_misc_feat_nine_boxes,
          dreamdust_princess_bridge, uniq_eustachio, uniq_grinder
D:5:      layout_loops_ring, nzn_hepliaklqana_mist_gate,
          nicolae_elevator_lobby_asterisk, uniq_pikel
D:6:      layout_rooms, mainiacjoe_overflow_paths,
          mainiacjoe_overflow_small_starburst, kennysheep_nub
D:7:      layout_loops_cross, grunt_temple_overflow_growth_and_decay,
          serial_bayou_crossing
D:8:      layout_basic, nicolae_overflow_hidden_temple, uniq_grum
D:9:      nzn_winding_woodlands_stair_cross
          [nzn_winding_woodlands_5x15_concentric,
          nzn_winding_woodlands_center_pierced_h,
          nzn_winding_woodlands_5x15_split_checker,
          nzn_winding_woodlands_5x5_checkerboard,
          nzn_winding_woodlands_hourglass, nzn_winding_woodlands_5x15_crooked,
          nzn_winding_woodlands_center_diamonds,
          nzn_winding_woodlands_5x15_parted], layout_loops_cross,
          lemuel_coloured_pillars_altar, mainiacjoe_overflow_alcove_1,
          lemuel_doored_altar, elyvilon_altar_4, serial_rivers,
          chequers_serial_rivers_micro_c, chequers_serial_rivers_micro_c,
          chequers_serial_rivers_room_a, chequers_serial_rivers_micro_e,
          chequers_serial_rivers_micro_a, corexii_leaking_fountain
D:10:     layout_rooms, serial_shops, shop, nicolae_shop_statue_plus,
          nicolae_shop_trees, shop, enter_bailey_2, kennysheep_generic_room_16
D:11:     layout_layer_cave, dpeg_lair_monsters
Temple:   kb_temple_of_zot

Skill      XL: |  1  2  3  4  5  6  7  8  9 10 11 |
---------------+----------------------------------+-----
Stealth        | 3 4 5 6 7 8 9 10 | 10.3
Fighting       | 1 2 3 4 5 6 |  6.9
Dodging        | 3 4 5 6 7 |  7.3
Spellcasting   | 3 4 5 6 |  6.7
Conjurations   | 5 6 7 8 |  8.2
Shields        | 2 4 5 |  5.5
Evocations     | 3 |  3.9
Ranged Weapons | 2 |  2.9

Action                   |  1- 3 |  4- 6 |  7- 9 | 10-12 || total
-------------------------+-------+-------+-------+-------++-------
Melee: Unarmed           |     2 |       |       |       ||     2
       Dagger            |       |     7 |     3 |     8 ||    18
       Constrict         |       |     2 |       |       ||     2
       Tentacles         |       |       |     2 |     3 ||     5
 Fire: Sling             |       |       |       |     1 ||     1
 Cast: Magic Dart        |    71 |   243 |    78 |    56 ||   448
       Searing Ray       |       |    13 |    62 |    75 ||   150
       Fulminant Prism   |       |       |       |     9 ||     9
Invok: Call Merchant     |       |       |       |     1 ||     1
Evoke: Wand              |       |       |     3 |    10 ||    13
  Use: Scroll            |     3 |     7 |     4 |    10 ||    24
       Potion            |       |       |     1 |     2 ||     3
 Stab: Sleeping          |     1 |     1 |       |       ||     2
       Paralysed         |       |       |       |     8 ||     8
Armor: Skin              |       |    13 |     4 |    10 ||    27
Dodge: Dodged            |     2 |    53 |    81 |    90 ||   226
Block: Buckler           |       |       |    29 |    58 ||    87
